Map: Aura de mort EC

Players

Ikkito - Winner!

  • Race: Terran Terran
  • League: Gold

Darkshogun

  • Race: Protoss Protoss
  • League: Diamond

VOD

Have the link to the VOD?

Description

Time

  • Played on: May 27, 2021, 3:46 p.m.
  • Length: 41:35
Show
View Real Time Build Order
Export as new Build Order

Ikkito Terran - Winner!

Build Orders:  

Get SALT Encoding   

Show
View Real Time Build Order
Export as new Build Order

Darkshogun Protoss 

Build Orders: 1 Gate Expand, Colossus Rush 

Get SALT Encoding   

  12  0:01  Probe  
  13  0:13  Probe  
  14  0:17  Pylon  
  14  0:25  Probe (Chrono Boost)  
  15  0:38  Probe (Chrono Boost), Gateway  
  16  0:45  Probe (Chrono Boost)  
  16  0:46  Assimilator  
  17  0:52  Probe (Chrono Boost)  
  19  1:04  Probe (Chrono Boost)  
  19  1:13  Probe (Chrono Boost)  
  20  1:25  Cybernetics Core  
  20  1:32  Nexus  
  20  1:37  Assimilator  
  20  1:42  Pylon  
  20  1:45  Probe  
  21  1:57  Probe  
  22  2:03  Robotics Facility  
  22  2:05  Stalker (Chrono Boost)  
  24  2:11  Probe  
  25  2:17  Warp Gate  
  25  2:23  Probe  
  25  2:29  Stalker  
  28  2:36  Probe (Chrono Boost)  
  29  2:45  Probe (Chrono Boost)  
  29  2:50  Observer  
  32  2:53  Probe (Chrono Boost)  
  32  2:55  Probe (Chrono Boost)  
  32  2:58  Gateway  
  33  2:59  Gateway  
  33  3:01  Probe  
  34  3:06  Stalker  
  34  3:08  Probe  
  37  3:16  Probe (Chrono Boost)  
  38  3:20  Probe (Chrono Boost)  
  40  3:29  Probe (Chrono Boost)  
  40  3:30  Probe (Chrono Boost)  
  40  3:31  Robotics Bay  
  41  3:34  Probe (Chrono Boost)  
  42  3:41  Pylon  
  42  3:42  Probe  
  42  3:47  Probe, Pylon  
  44  3:49  Assimilator  
  44  3:54  Probe  
  45  4:01  Probe  
  46  4:08  Stalker  
  46  4:09  Stalker x2  
  52  4:14  Probe x2  
  54  4:20  Colossus (Chrono Boost)  
  60  4:26  Probe  
  61  4:36  Pylon  
  61  4:42  Nexus, Pylon  
  61  4:54  Probe x2  
  61  4:57  Zealot x2  
  61  4:59  Stalker  
  69  5:04  Colossus (Chrono Boost)  
  75  5:11  Probe x2  
  77  5:18  Pylon x2  
  77  5:23  Probe  
  78  5:37  Zealot x2  
  78  5:39  Stalker  
  78  5:42  Probe x2  
  86  5:43  Colossus (Chrono Boost)  
  86  5:47  Pylon  
  86  5:48  Pylon  
  92  5:57  Probe x3  
  92  6:00  Stalker x2  
  99  6:05  Gateway x2  
  99  6:07  Gateway  
  99  6:09  Probe  
  99  6:10  Sentry, Probe  
  103  6:13  Probe  
  104  6:21  Probe  
  104  6:22  Probe  
  104  6:25  Probe  
  107  6:29  Zealot x2  
  111  6:33  Probe  
  111  6:34  Probe  
  111  6:37  Probe  
  114  6:44  Assimilator  
  114  6:45  Probe  
  115  6:49  Probe  
  116  7:00  Zealot x2  
  116  7:01  Zealot x2  
  124  7:31  Twilight Council  
  124  7:32  Forge  
  124  8:27  Pylon  
  124  8:28  Pylon  
  124  8:29  Pylon  
  124  8:30  Pylon  
  124  8:31  Pylon  
  124  8:45  Warp Prism  
Tags
 
Add a new tag
Caveats
  • Supply blocks, unpowered buildings, or Contaminate may cause inaccurate times.
  • Supply counts are checked every 10 seconds.